 Dungeon Crawl Stone Soup version 0.30.0-13-g156ef70053 (webtiles) character file.

Game seed: 6718985308133166630

6046 browni3141 the Blocker (level 10, -2/91 HPs)
             Began as a Minotaur Fighter on May 17, 2023.
             Succumbed to Amaemon's poison
             ... on level 9 of the Dungeon.
             The game lasted 00:06:41 (9370 turns).

browni3141 the Blocker (Minotaur Fighter)           Turns: 9370, Time: 00:06:42

Health: -2/91      AC: 18    Str: 24    XL:     10   Next: 57%
Magic:  11/18      EV: 12    Int:  5    God:
Gold:   170        SH: 12    Dex: 19    Spells: 9/9 levels left

rFire   . . .        k - +1 war axe "Fenuh" {vamp, Drain rC+ Str+2 Stlth+}
rCold   + . .        w - +0 kite shield
rNeg    . . .        t - +2 chain mail {Will+}
rPois   .            G - +2 hat
rElec   .            (no cloak)
rCorr   .            I - +2 pair of gloves {hurl}
SInv    .            (no boots)
Will    +....        S - amulet of guardian spirit Stlth
                     T - +6 ring of dexterity
HPRegen 0.35/turn    Z - ring of magical power
MPRegen 0.16/turn

%: guardian spirit
@: lethally poisoned (-2 -> -15)
A: horns 2, retaliatory headbutt
a: no special abilities


You were on level 9 of the Dungeon.
You visited 2 branches of the dungeon, and saw 11 of its levels.
You also visited: Sewer and Ossuary.

You collected 767 gold pieces.
You spent 597 gold pieces at shops.

Inventory:

Hand Weapons
 a - a +0 war axe
 k - the +1 war axe "Fenuh" (weapon) {vamp, Drain rC+ Str+2 Stlth+}
   (You bought it in a shop on level 6 of the Dungeon)

   Str:       It affects your strength (+2).
   rC:        It protects you from cold.
   Drain:     It drains your maximum health when unequipped.
   Stlth:     It makes you more stealthy.
Missiles
 l - 5 javelins (quivered)
 J - 4 curare-tipped darts
Armour
 b - a +0 scale mail
 c - a +0 buckler
 t - a +2 chain mail of willpower (worn)
 w - a +0 kite shield (worn)
 G - a +2 hat (worn)
 I - a +2 pair of gloves of hurling (worn)
Jewellery
 q - a ring of resist corrosion
 z - an amulet of magic regeneration
 Q - a ring of see invisible
 S - an amulet of guardian spirit (around neck)
 T - a +6 ring of dexterity (left hand)
 Z - a ring of magical power (right hand)
Wands
 p - a wand of polymorph (10)
 s - a wand of roots (18)
 V - a wand of flame (23)
Scrolls
 j - a scroll of immolation
 m - 4 scrolls of noise
 o - a scroll of brand weapon
 u - a scroll of enchant weapon
 x - 2 scrolls of silence
 y - 5 scrolls of vulnerability
 A - 3 scrolls of blinking
 F - a scroll of fog
 H - 11 scrolls of teleportation
 K - 6 scrolls of amnesia
 P - 2 scrolls of magic mapping
 Y - 2 scrolls of fear
Potions
 i - a potion of invisibility
 v - 4 potions of attraction {unknown}
 B - a potion of experience {unknown}
 C - 9 potions of curing
 D - 3 potions of brilliance {unknown}
 E - 2 potions of magic {unknown}
 L - 2 potions of cancellation {unknown}
 M - 5 potions of might
 N - 5 potions of heal wounds {unknown}
 O - a potion of berserk rage {unknown}
 R - 2 potions of ambrosia {unknown}
 U - a potion of flight {unknown}
 W - 2 potions of haste {unknown}
 X - 3 potions of mutation


   Skills:
 + Level 9.3 Fighting
 + Level 8.9 Axes
 + Level 9.4 Armour
 + Level 7.7 Dodging
 + Level 9.4 Shields


You had 9 spell levels left.
You didn't know any spells.
Your spell library contained the following spells:

 Spells                   Type           Power      Damage    Failure   Level
 Blink                    Tloc           0%         N/A       99%         2
 Cigotuvi's Dreadful Rot  Necr/Pois/Air  0%         N/A       99%         2
 Ensorcelled Hibernation  Hex/Ice        0%         N/A       99%         2
 Sublimation of Blood     Necr           0%         N/A       99%         2
 Ignite Poison            Fire/Tmut/Pois 0%         N/A       100%        3
 Spider Form              Tmut/Pois      0%         N/A       100%        3
 Anguish                  Hex/Necr       0%         N/A       100%        4
 Manifold Assault         Tloc           0%         N/A       100%        4
 Petrify                  Tmut/Erth      0%         N/A       100%        4
 Sticky Flame             Conj/Fire      0%         2d3       100%        4
 Freezing Cloud           Conj/Ice/Air   0%         6-21      100%        5
 Irradiate                Conj/Tmut      0%         3d11      100%        5
 Storm Form               Tmut/Air       0%         N/A       100%        7
 Ignition                 Fire           0%         3d3       100%        8


Dungeon Overview and Level Annotations

Branches:
Dungeon (10/15)            Temple (1/1) D:5           Sewer (visited)
Ossuary (visited)
   Lair: D:8-11         Orc: D:9-12

Altars:
Ashenzari
Cheibriados
Dithmenos
Elyvilon
Gozag
Hepliaklqana
Kikubaaqudgha
Makhleb
Nemelex Xobeh
Okawaru
Qazlal
Ru
Sif Muna
Trog
Uskayaw
Vehumet
Wu Jian
Xom
Yredelemnul
Zin
The Shining One

Shops:
D:3 [   D:6 *(?   D:9 *

Annotations:
D:5 3 runed translucent doors, Irreverend's ghost, novice TrFi
D:10 Amaemon


Innate Abilities, Weirdness & Mutations

You have a pair of horns on your head.
You reflexively headbutt those who attack you in melee.


Message History

The scorpion closely misses you.
You slash the scorpion!
The scorpion is severely wounded.
The scorpion stings you but does no damage.
You hit the scorpion but do no damage. You headbutt the scorpion.
You kill the scorpion!
The scorpion's corpse disappears in a puff of smoke!
You hit the scorpion.
The scorpion is lightly wounded.
You block the scorpion's attack.
The scorpion stings you but does no damage.
You barely miss the scorpion.
You headbutt the scorpion, but do no damage.
The scorpion is lightly wounded.
The scorpion stings you but does no damage.
You slash the scorpion! You headbutt the scorpion.
You kill the scorpion!
The scorpion's corpse disappears in a puff of smoke!
You hear some strange, mumbled words.
You hit the scorpion.
The scorpion is moderately wounded.
The scorpion barely misses you. You furiously retaliate!
You headbutt the scorpion. You barely miss the scorpion.
You headbutt the scorpion.
The scorpion is heavily wounded.
You hear some strange, mumbled words.
The scorpion seems to grow toxic.
You block the scorpion's attack.
You slash the scorpion!
You kill the scorpion!
The scorpion's corpse disappears in a puff of smoke!
The orange demon no longer looks unusually toxic.
Something hits you but does no damage. Something barely misses you.
Something tail-slaps you but does no damage.
You miss something. Your headbutt misses something.
Something hits you but does no damage.
You are poisoned.
Something claws you but does no damage.
Something tail-slaps you but does no damage.
You slash something! Your headbutt misses something.
You feel very sick.
You hear some strange, mumbled words.
The scorpion seems to grow toxic.
You hit something but do no damage.
You feel sick. Something barely misses you.
Something claws you but does no damage. Something tail-slaps you.
You are more poisoned.
Something poisons you!
You hit something but do no damage. You headbutt something!
You feel extremely sick.
The scorpion disappears in a puff of smoke!
Something hits you but does no damage.
You are more poisoned.
Something claws you but does no damage.
Something tail-slaps you but does no damage.
You hit something but do no damage. You headbutt something.
You feel extremely sick.
The orange demon stings you but does no damage.
Something hits you.
You are more poisoned.
Something claws you but does no damage.
Something tail-slaps you but does no damage.
You closely miss something. You headbutt something.
You feel extremely sick. The orange demon barely misses you.
You hear some strange, mumbled words.
The orange demon seems to grow toxic.
Something hits you. Something claws you!
Something tail-slaps you but does no damage.
You block the orange demon's attack.
You closely miss something. You headbutt something.
You feel very sick. The orange demon barely misses you.
Something hits you but does no damage.
You are more poisoned.
Something claws you but does no damage.
Something tail-slaps you but does no damage.
You hit something.
You feel better.
Your headbutt misses something.
You feel extremely sick. The orange demon closely misses you.
You hear some strange, mumbled words.
Something hits you but does no damage. You block something's attack.
Something tail-slaps you but does no damage.
You feel very sick. Something hits you.
You are more poisoned.
Something claws you. You block something's attack.
You feel very sick.
You feel very sick.
You feel very sick. You block something's attack. Something claws you.
Something tail-slaps you but does no damage.
You feel very sick.
The orange demon no longer looks unusually toxic.
You feel very sick.
There is a stone staircase leading up here.
You feel sick. Something hits you but does no damage.
You are more poisoned.
You block something's attack.
Something tail-slaps you but does no damage.
You climb upwards.
The scorpion disappears in a puff of smoke!
Reactivating autopickup.
You die...

#..# #..# #..#
#..# #..# #..#
#..# #..# #..#
#..# #..# #..#
#..# #..# #..#
#..# #..# #..#
#..# #..# #..#
#..# #..# #..#
#..# #..# #..#
#..# #..# #..#
#..# #..#
########..#####.@#
#..# #..#
<................#
#..# #..#
.................#
#..# #..#
######'#########.#
#..# #..# #.....#
#.# #..# #..#
#.....# #.# #..#
#..# #.....# #.#
#..# #..## #.....#
#.# #..# #....
####.#.#.#######.#
#..# #....


There were no monsters in sight!

Vanquished Creatures
  A hornet (D:9)
  A wraith (D:10)
  6 yaks (D:9)
  2 steam dragons
  Edmund (D:5)
  An acid dragon (D:9)
  2 orc warriors
  A black bear (D:5)
  3 sky beasts
  2 ice beasts
  3 ogres
  2 centaurs
  A phantom (D:5)
  Blork the orc (D:6)
  4 bullfrogs
  5 kobold brigands
  A gnoll sergeant (D:7)
  A water moccasin zombie (Ossuary)
  12 wights
  2 howler monkeys (D:7)
  3 centaur zombies (Ossuary)
  7 hounds
  A jelly (D:6)
  8 orc priests
  2 gnoll boudas (D:7)
  13 orc wizards
  6 iguanas
  A scorpion zombie (Ossuary)
  An ogre zombie (Ossuary)
  18 gnolls
  10 adders
  4 river rats
  A shadow imp (D:7)
  2 white imps (D:7)
  2 worms
  2 dart slugs (D:1)
  51 orcs
  3 bats
  12 endoplasms
  5 giant cockroaches
  3 goblins
  14 hobgoblins
  9 jackals
  28 kobolds
  5 quokkas
  13 ball pythons
  6 frilled lizards
  5 goblin zombies (Ossuary)
  6 hobgoblin zombies (Ossuary)
  4 orc zombies (Ossuary)
  20 rats
317 creatures vanquished.

Notes
Turn   | Place    | Note
-------+----------+-------------------------------------------
     0 | D:1      | browni3141 the Minotaur Fighter began the quest for the
                  | Orb.
     0 | D:1      | Reached XP level 1. HP: 19/19 MP: 0/0
   210 | D:1      | Reached XP level 2. HP: 27/27 MP: 1/1
  1249 | D:2      | Found a stormy altar of Qazlal.
  1255 | D:2      | Reached XP level 3. HP: 33/33 MP: 2/2
  1348 | D:2      | Reached skill level 3 in Axes
  1466 | D:2      | Reached XP level 4. HP: 18/40 MP: 3/3
  1984 | D:2      | Found a faded altar of an unknown god.
  2213 | D:3      | Found Avehuann's Antique Armour Shop.
  2220 | D:3      | Identified the +2 robe of the Cobbler {MP+9 Slay+2}
  2819 | D:3      | Bought a pair of embroidered gloves for 172 gold pieces
  2887 | D:4      | Reached XP level 5. HP: 11/47 MP: 4/4
  3258 | D:4      | Reached XP level 6. HP: 55/55 MP: 5/5
  3325 | D:4      | Noticed an ice beast
  3333 | D:4      | Killed an ice beast
  3364 | D:4      | Reached skill level 3 in Dodging
  3368 | D:4      | Found a glowing drain.
  3372 | Sewer    | Entered a sewer
  3581 | Sewer    | Reached XP level 7. HP: 47/61 MP: 6/6
  4011 | D:5      | Entered Level 5 of the Dungeon
  4012 | D:5      | Found a runed translucent gate.
  4013 | D:5      | Found a runed translucent gate.
  4014 | D:5      | Found a runed translucent gate.
  4014 | D:5      | Noticed Irreverend's ghost (novice TrFi)
  4015 | D:5      | Noticed a gargoyle
  4093 | D:5      | Reached skill level 6 in Armour
  4093 | D:5      | Reached skill level 6 in Shields
  4097 | D:5      | Reached skill level 6 in Fighting
  4295 | D:5      | Reached XP level 8. HP: 70/70 MP: 7/7
  4350 | D:5      | Found an ancient bone altar of Kikubaaqudgha.
  4588 | D:5      | Found a staircase to the Ecumenical Temple.
  4600 | Temple   | Entered the Ecumenical Temple
  4967 | D:5      | Noticed Edmund
  4982 | D:5      | Killed Edmund
  5262 | D:6      | Reached skill level 6 in Axes
  5665 | D:6      | Found Ypreblorch's Antique Weapon Shoppe.
  5666 | D:6      | Found Wueggegg's Magic Scroll Shoppe.
  5667 | D:6      | Found Gidoinad's General Store.
  5732 | D:6      | Found a snail-covered altar of Cheibriados.
  5848 | D:6      | Noticed Blork the orc
  5861 | D:6      | Killed Blork the orc
  5929 | D:6      | Bought a scroll of identify for 22 gold pieces
  5929 | D:6      | Bought a potion of mutation for 88 gold pieces
  5983 | D:7      | Reached XP level 9. HP: 43/79 MP: 8/8
  6324 | D:7      | Found a sand-covered staircase.
  6381 | Ossuary  | Entered an ossuary
  6475 | Ossuary  | Reached skill level 6 in Dodging
  6505 | Ossuary  | Noticed a silent spectre
  7773 | D:6      | Bought a twisted war axe for 255 gold pieces
  7773 | D:6      | Identified the +1 war axe "Fenuh" {vamp, Drain rC+ Str+2
                  | Stlth+} (You bought it in a shop on level 6 of the Dungeon)
  7939 | D:8      | Reached XP level 10. HP: 89/90 MP: 9/9
  8431 | D:8      | Identified the +3 leather armour of Vexation {rN+}
  8487 | D:9      | Found an opulent altar of Gozag.
  8692 | D:9      | Reached skill level 9 in Shields
  8716 | D:9      | Reached skill level 9 in Armour
  8841 | D:9      | Reached skill level 9 in Fighting
  8970 | D:9      | Found an iron altar of Okawaru.
  9026 | D:9      | Found Raynn's General Store.
  9029 | D:9      | Bought a potion of curing for 36 gold pieces
  9029 | D:9      | Bought a scroll of identify for 24 gold pieces
  9327 | D:10     | Entered Level 10 of the Dungeon
  9336 | D:10     | Noticed Amaemon
  9336 | D:10     | Noticed an orange demon
  9368 | D:10     | HP: 4/91 [poisoned by Amaemon]
  9370 | D:9      | Succumbed to Amaemon's poison

Illustrated notes

Levels and vault maps discovered:
D:1:      minmay_arrival_three_doors, layout_loops_corners,
          kennysheep_small_spiral
D:2:      layout_loops_corners, basic_altar,
          dreamdust_ecumenical_altar_sealed_demon, cheibrodos_gnoll_hut
D:3:      layout_loops_ring, serial_shops, nicolae_square_shop,
          serial_bayou_pond_a
D:4:      layout_basic, gup_sewer_entry_bowl
D:5:      layout_loops_cross, nicolae_kikubaaqudgha_miasma_corner,
          minmay_temple_entry_hall, gammafunk_ghost_split,
          hangedman_abyss_or_decor_stabs, uniq_edmund
D:6:      layout_rooms, chei_slow_surprise, serial_bayou_pond_d,
          nicolae_shop_distant_corner_stores, uniq_blork_the_orc
D:7:      kennysheep_housing_project, layout_loops_ring,
          nicolae_ossuary_entry_false_entrances
D:8:      layout_loops_ring
D:9:      layout_long_grid, nicolae_overflow_hidden_temple, serial_shops,
          nicolae_shop_tiny_real_fake_doors, kennysheep_minor_cross
D:10:     layout_loops_corners, marbit_many_paths, uniq_amaemon
Temple:   lightli_temple_of_artemis

Skill      XL: |  1  2  3  4  5  6  7  8  9 10 |
---------------+-------------------------------+-----
Dodging        | 1 2 3 4 5 6 7 |  7.7
Fighting       | 4 5 6 7 8 9 |  9.3
Shields        | 4 5 6 7 8 9 |  9.4
Axes           | 3 4 5 6 8 |  8.9
Armour         | 4 5 6 7 8 9 |  9.4

Action                     |  1- 3 |  4- 6 |  7- 9 | 10-12 || total
---------------------------+-------+-------+-------+-------++-------
  Melee: War axe           |    58 |   148 |   431 |   101 ||   738
         Headbutt          |     8 |    26 |    75 |    25 ||   134
    Use: Potion            |       |     1 |       |       ||     1
         Scroll            |       |       |     6 |     6 ||    12
 Armour: Scale mail        |    26 |    94 |    65 |       ||   185
         Chain mail        |       |       |   165 |    80 ||   245
  Dodge: Dodged            |    31 |   127 |   158 |    70 ||   386
  Block: Buckler           |    15 |    64 |    19 |       ||    98
         Kite shield       |       |       |   218 |    74 ||   292
